 Dungeon Crawl Stone Soup version 0.30.1-9-gdf580d7c3d (webtiles) character file.

Game seed: 16661105347905841318

106 lonewolfV2 the Covered (level 4, -3/35 HPs)
             Began as a Demonspawn Fighter on Oct 25, 2023.
             Slain by a lemure (5 damage)
             ... led by Pikel
             ... on level 4 of the Dungeon.
             The game lasted 00:03:18 (2302 turns).

lonewolfV2 the Covered (Demonspawn Fighter)         Turns: 2302, Time: 00:03:18

Health: -3/35      AC: 12    Str: 18    XL:     4   Next: 55%
Magic:  4/4        EV:  8    Int: 10    God:
Gold:   125        SH:  4    Dex: 12    Spells: 3/3 levels left

rFire   . . .        a - +0 war axe
rCold   . . .        c - +0 buckler
rNeg    + . .        f - +3 chain mail {rN+}
rPois   .            (no helmet)
rElec   .            (no cloak)
rCorr   .            (no gloves)
SInv    .            (no boots)
Will    .....        (no amulet) Stlth
                     (no ring)
HPRegen 0.25/turn    (no ring)
MPRegen 0.09/turn

%: no passive effects
@: no status effects
A: demonic magic 1, weakness stinger 2
a: no special abilities


You were on level 4 of the Dungeon.
You visited 1 branch of the dungeon, and saw 4 of its levels.

You collected 125 gold pieces.

Inventory:

Hand Weapons
 a - a +0 war axe (weapon)
Armour
 b - a +0 scale mail
 c - a +0 buckler (worn)
 f - a +3 chain mail of positive energy (worn)
Jewellery
 e - a ring of protection from fire
Scrolls
 g - a scroll of brand weapon {unknown}
 k - a scroll of vulnerability
 m - a scroll of magic mapping
Potions
 h - 2 potions of heal wounds {unknown}
 j - 2 potions of degeneration


   Skills:
 - Level 3.0 Fighting
 - Level 1.7 Axes
 + Level 3.5 Armour
 * Level 3.1 Dodging
 - Level 2.6 Shields


You had 3 spell levels left.
You didn't know any spells.
Your spell library contained the following spells:

 Spells                   Type           Power      Damage    Failure   Level
 Cause Fear               Hex            0%         N/A       100%        4
 Dragon Form              Tmut           0%         N/A       100%        7
 Dragon's Call            Summ           0%         N/A       100%        9


Dungeon Overview and Level Annotations

Branches:
Dungeon (4/15)
 Temple: D:4-7

Altars:

Annotations:
D:4 Pikel


Innate Abilities, Weirdness & Mutations

Spells you cast may paralyse adjacent enemies.
You have a tail ending in a sharp stinger.


Message History

The lemure is lightly wounded.
Pikel shouts!
You hear a shout!
The lemure misses you.
You slash the lemure!
Your tail-slap misses the lemure.
The lemure is heavily wounded.
The lemure hits you. x2; Pikel hits you but does no damage.
You barely miss Pikel. You tail-slap Pikel!
Pikel is moderately wounded.
You closely miss the lemure. Pikel hits you but does no damage.
The lemure barely misses you.
You barely miss Pikel.
Pikel is moderately wounded.
You closely miss the lemure.
Pikel hits you with a +0 whip of flaming.
Pikel burns you.
* * * LOW HITPOINT WARNING * * *
The lemure hits you but does no damage. The lemure hits you.
* * * LOW HITPOINT WARNING * * *
Pikel completely misses you.
You hit Pikel but do no damage.
Pikel is moderately wounded.
You hit the lemure.
Pikel hits you with a +0 whip of flaming.
* * * LOW HITPOINT WARNING * * *
Pikel burns you.
* * * LOW HITPOINT WARNING * * *
The lemure hits you.
* * * LOW HITPOINT WARNING * * *
You feel better.
Pikel hits you with a +0 whip of flaming.
* * * LOW HITPOINT WARNING * * *
Pikel burns you.
* * * LOW HITPOINT WARNING * * *
The lemure hits you but does no damage.
You slash Pikel!
Pikel is heavily wounded.
You closely miss the lemure.
Pikel says, "Dispater doesn't talk much, but I know they dig me."
You block Pikel's attack. The lemure hits you.
You die...

########
#......#
####......###..
.....)........#
#...<...#
####K##.# #@#
#5# #.# #.# ...
#.# #.# #.#


You could see Pikel and a lemure.

Vanquished Creatures
  2 lemures (D:4)
  Terence (D:3)
  2 adders (D:3)
  A worm (D:2)
  3 dart slugs
  7 endoplasms
  5 giant cockroaches
  2 goblins
  2 hobgoblins
  3 jackals (D:3)
  4 kobolds
  6 quokkas
  3 ball pythons
  4 bats (D:1)
  A frilled lizard (D:2)
  8 rats
54 creatures vanquished.

Notes
Turn   | Place    | Note
-------+----------+-------------------------------------------
     0 | D:1      | lonewolfV2 the Demonspawn Fighter began the quest for the
                  | Orb.
     0 | D:1      | Reached XP level 1. HP: 18/18 MP: 1/1
   170 | D:1      | Reached skill level 1 in Dodging
   225 | D:1      | Gained mutation: You have a small tail. [demonic ancestry]
   225 | D:1      | Reached XP level 2. HP: 24/24 MP: 2/2
   544 | D:1      | Noticed an eye of devastation
   547 | D:1      | Found a faded altar of an unknown god.
   551 | D:1      | Noticed a great orb of eyes
   551 | D:1      | Noticed a shining eye
   551 | D:1      | Noticed a golden eye
   558 | D:1      | Gained mutation: You have a tail ending in a sharp stinger.
                  | [demonic ancestry]
   558 | D:1      | Reached XP level 3. HP: 18/29 MP: 3/3
  1676 | D:3      | Noticed Terence
  1691 | D:3      | Killed Terence
  1692 | D:3      | Gained mutation: Spells you cast may paralyse adjacent
                  | enemies. [demonic ancestry]
  1692 | D:3      | Reached XP level 4. HP: 7/35 MP: 4/4
  2279 | D:4      | Noticed a lemure
  2282 | D:4      | Noticed a lemure
  2287 | D:4      | Noticed a lemure
  2288 | D:4      | Killed a lemure
  2294 | D:4      | Killed a lemure
  2295 | D:4      | Noticed Pikel
  2300 | D:4      | HP: 1/35 [lemure[Pikel] (6)]
  2302 | D:4      | Slain by a lemure

Illustrated notes

Levels and vault maps discovered:
D:1:      elethiomel_arrival_maze, layout_rooms,
          hellmonk_ecumenical_altar_watching_god, minmay_misc_feat_encased,
          minmay_misc_feat_more_columns
D:2:      layout_loops_ring
D:3:      layout_rooms, uniq_terence
D:4:      layout_rooms, mainiacjoe_overflow_alcove_2,
          minmay_temple_entry_drinking_statues, uniq_natasha,
          uniq_blork_the_orc, uniq_pikel

Skill      XL: |  1  2  3  4 |
---------------+-------------+-----
Dodging        | 1 2 3 |  3.1
Armour         | 3 |  3.5
Fighting       | |  3.0
Axes           | |  1.7
Shields        | |  2.6

Action                     |  1- 3 |  4- 6 || total
---------------------------+-------+-------++-------
  Melee: War axe           |   111 |    35 ||   146
         Tailslap          |     7 |     8 ||    15
    Use: Scroll            |     6 |       ||     6
         Potion            |     3 |     1 ||     4
 Armour: Scale mail        |    56 |     1 ||    57
         Chain mail        |       |    24 ||    24
  Dodge: Dodged            |    67 |    19 ||    86
  Block: Buckler           |    43 |     6 ||    49
